 Dungeon Crawl Stone Soup version 0.18.1-48-g4cf74bf (webtiles) character file.

186 Gottschkopf the Magician (level 5, -1/28 HPs)
             Began as a Deep Elf Conjurer on Aug 11, 2016.
             Slain by Pikel
             ... wielding a +1 whip of electrocution
              (9 damage)
             ... on level 4 of the Dungeon.
             The game lasted 00:05:50 (3127 turns).

Gottschkopf the Magician (Deep Elf Conjurer)        Turns: 3127, Time: 00:05:52

Health: -1/28      AC:  3    Str:  5    XL:     5   Next: 38%
Magic:  1/17       EV: 13    Int: 19    God:
Gold:   299        SH:  0    Dex: 20    Spells: 5 memorised, 3 levels left

rFire  . . .     SeeInvis .     e - +0 short sword (drain)
rCold  . . .     Gourm    .     a - +1 robe
rNeg   . . .     Faith    .     (no shield)
rPois  .         Spirit   .     (no helmet)
rElec  .         Dismiss  .     (no cloak)
rCorr  .         Reflect  .     (no gloves)
SustAt .         Harm     .     (no boots)
MR     .....                    B - amulet of inaccuracy (curse)
Stlth  ++........               A - -2 ring of intelligence (curse)
                                g - +5 ring of dexterity

@: very slightly contaminated, not resistant to hostile enchantments, unstealthy
A: no striking features
a: no special abilities


You were on level 4 of the Dungeon.
You were not hungry.

You visited 1 branch of the dungeon, and saw 4 of its levels.

You collected 299 gold pieces.

Inventory:

Hand Weapons
 e - a +0 short sword of draining (weapon)
Armour
 a - a +1 robe (worn)
Jewellery
 g - a +5 ring of dexterity (left hand)
 A - a cursed -2 ring of intelligence (right hand)
 B - a cursed amulet of inaccuracy (around neck)
Scrolls
 h - a scroll of teleportation
 i - a scroll of amnesia
 l - a scroll of enchant armour
 n - 2 scrolls of blinking {unknown}
 s - a scroll of remove curse {unknown}
 x - 2 scrolls of identify {unknown}
 y - a scroll of enchant weapon {unknown}
Potions
 d - 2 potions of haste {unknown}
 f - 2 potions of magic {unknown}
 k - a potion of curing {unknown}
 o - a potion of berserk rage {unknown}
 p - a potion of degeneration {unknown}
 r - a potion of resistance {unknown}
 u - a potion of heal wounds {unknown}
 v - a potion of ambrosia {unknown}
 w - a potion of agility {unknown}
Books
 b - a book of Conjurations

   Spells                             Type                      Level
   a - Magic Dart                     Conjuration                  1
   b - Searing Ray                    Conjuration                  2
   c - Dazzling Spray                 Conjuration/Hexes            3
   d - Fulminant Prism                Conjuration/Hexes            4
   e - Iskenderun's Mystic Blast      Conjuration                  4
   f - Iskenderun's Battlesphere      Conjuration/Charms           5
Comestibles
 c - 4 bread rations
 q - 10 fruits
 z - 4 chunks of flesh


   Skills:
 - Level 2.4 Dodging
 - Level 2.4 Stealth
 - Level 7.6 Spellcasting
 - Level 4.3 Conjurations
 + Level 0.4 Charms


You had 3 spell levels left.
You knew the following spells:

 Your Spells              Type           Power        Failure   Level  Hunger
a - Magic Dart            Conj           ###.         1%          1    None
b - Searing Ray           Conj           ###...       2%          2    None
c - Iskenderun's Mystic   Conj           ###.....     17%         4    ###....
d - Fulminant Prism       Conj/Hex       ###.......   38%         4    ###....
e - Iskenderun's Battles  Conj/Chrm      ###.....     91%         5    #####..


Dungeon Overview and Level Annotations

Branches:
Dungeon (4/15)
 Temple: D:4-7

Altars:
Dithmenos
Fedhas

Shops:
D:4 :

Annotations:
D:4 Pikel


Message History

Pikel is heavily wounded.
The slave barely misses you.
Casting: Searing Ray
Confirm with . or Enter, or press ? or * to list all spells.
Aiming: Searing Ray
Press: ? - help, Shift-Dir - straight line, f/p - slave
Aim: a slave, wearing an animal skin (almost dead)
The searing ray hits the slave.
You kill the slave!
That felt strangely unrewarding.
The searing ray misses Pikel.
The searing ray misses the slave.
Pikel hits you with a whip of electrocution.
A quokka comes into view.
The searing ray hits Pikel.
Pikel is heavily wounded.
The quokka moves out of view.
Pikel hits you with a whip of electrocution!
* * * LOW HITPOINT WARNING * * *
You are electrocuted!
You die...

,,,,,,,,,....#.#.#.#.#.#.#.#.#,*.
***,,,,,####..#.#.#.#.#.#.*,#.*,#
***,*.***#.#.#.#.#.#.#.#.*,*,#.
*,*,.,*#..#.#.#.#.#.#.#.*,#.#
*,#.#.*#.#.#.#.#.#.#.#.#.#.#.
*,#.#.##..#.#.#.#.#.#.#.#.#.#
*,#......#.#.#.#.#.#.#.#.#.#.
*,#.......#.#.#.#.#.#.#.#.#.#
*,#.%....#.#@#.#.#.#.#.#.#.#.
*****,#..!....#K#.#.#.#.#.#.#.#.#
,,,**,#......#p#.#.#.#.#.#.#.#.#.
,,,**,#(#.#..p#.#.#.#.#.#.#.#.#.#
,,,**,**#,#.##.#.#.#.#.#.#.#.#.#.
,,,**,,,,.....#.#.#.#.#.#.#.#.#.#
,,,**,,...#.##.#.#.#.#.#.#(#.#.#.
,,,,,,K...#,#.#.#.#.#.#.#.#.#.#.#
,,,**,p..,*,##.#.#.#.....#.#.#.#.


You could see Pikel and 2 slaves.

Vanquished Creatures
  A slave (D:4)
  A centaur (D:4)
  2 adders (D:2)
  An ooze (D:2)
  An adder skeleton (D:4)
  4 worms
  2 dart slugs
  3 giant geckos
  5 orcs (D:4)
  2 ball pythons
  4 giant cockroaches
  8 goblins
  7 hobgoblins
  11 bats
  2 giant newts
  7 kobolds
  3 rats
64 creatures vanquished.

Notes
Turn   | Place    | Note
--------------------------------------------------------------
     0 | D:1      | Gottschkopf the Deep Elf Conjurer began the quest for the Orb.
     0 | D:1      | Reached XP level 1. HP: 10/10 MP: 6/6
   172 | D:1      | Reached XP level 2. HP: 15/15 MP: 5/8
   182 | D:1      | Reached skill level 4 in Spellcasting
  1085 | D:2      | Reached XP level 3. HP: 19/19 MP: 7/11
  1088 | D:2      | Reached skill level 5 in Spellcasting
  1190 | D:2      | Learned a level 2 spell: Searing Ray
  1755 | D:2      | Reached skill level 6 in Spellcasting
  1755 | D:2      | Reached XP level 4. HP: 24/24 MP: 10/14
  1916 | D:3      | Found a shadowy altar of Dithmenos.
  2362 | D:3      | Found a blossoming altar of Fedhas.
  2830 | D:4      | Learned a level 4 spell: Iskenderun's Mystic Blast
  2835 | D:4      | Learned a level 4 spell: Fulminant Prism
  2897 | D:4      | Noticed a phantom
  2929 | D:4      | Noticed a centaur
  2935 | D:4      | Killed a centaur
  2935 | D:4      | Reached skill level 7 in Spellcasting
  2935 | D:4      | Reached XP level 5. HP: 15/28 MP: 2/17
  2946 | D:4      | Learned a level 5 spell: Iskenderun's Battlesphere
  3052 | D:4      | Noticed an ogre
  3074 | D:4      | Noticed Pikel
  3074 | D:4      | Noticed a slave
  3081 | D:4      | Found Tousmus's Book Shop.
  3111 | D:4      | Noticed a slave
  3114 | D:4      | Noticed a slave
  3119 | D:4      | Noticed a slave
  3125 | D:4      | Killed a slave
  3127 | D:4      | Slain by Pikel

Skill      XL: |  1  2  3  4 |
---------------+-------------+-----
Spellcasting   | 4 6 7 |  7.6
Dodging        | |  2.4
Stealth        | |  2.4
Conjurations   | |  4.3
Charms         | |  0.4

Action                   |  1- 3 |  4- 6 || total
-------------------------+-------+-------++-------
Melee: Short sword       |     3 |       ||     3
 Cast: Magic Dart        |    82 |    51 ||   133
       Iskenderun's Myst |       |     4 ||     4
       Searing Ray       |       |     5 ||     5
  Use: Scroll            |       |     6 ||     6
  Eat: Chunk             |     2 |     5 ||     7
Armor: Robe              |     3 |     2 ||     5
Dodge: Dodged            |     2 |    11 ||    13
